 Dungeon Crawl Stone Soup version 0.25-a0-713-g4845790874 (webtiles) character file.

Game seed: 7684017779783551694, levelgen mode: deterministic

43449 Hastur the Warrior (level 14, -8/159 HPs)
             Began as an Ogre Arcane Marksman on Apr 5, 2020.
             Was a High Priest of Okawaru.
             Killed by divine providence
             ... invoked by a meliai
              (13 damage)
             ... on level 6 of the Lair of Beasts.
             The game lasted 01:34:33 (36980 turns).

Hastur the Warrior (Ogre Arcane Marksman)          Turns: 36980, Time: 01:34:33

Health: -8/159     AC: 13    Str: 18    XL:     14   Next: 24%
Magic:  23/24      EV: 13    Int: 20    God:    Okawaru [*****.]
Gold:   1067       SH: 14    Dex:  9    Spells: 23/27 levels left

rFire    . . .     SeeInvis .   G - +0 morningstar (vorpal)
rCold    . . .     Gourm    .   S - +0 kite shield
rNeg     . . .     Faith    .   H - +2 acid dragon scales
rPois    .         Spirit   .   c - +2 hat {Int+3}
rElec    .         Reflect  +   L - +0 cloak
rCorr    +         Harm     .   (gloves unavailable)
MR       +....                  (boots unavailable)
Stlth    ++........             J - +4 amulet of reflection
HPRegen  0.36/turn              (no ring)
MPRegen  0.19/turn              (no ring)

@: lethally poisoned (-8 -> -10), about to teleport, heroism, drained
A: large, unfitting armour, tough skin 1
a: Heroism, Finesse, Renounce Religion


You were on level 6 of the Lair of Beasts.
You worshipped Okawaru.
Okawaru was extremely pleased with you.
You were hungry.

You visited 3 branches of the dungeon, and saw 17 of its levels.

You collected 1067 gold pieces.

Inventory:

Hand Weapons
 a - a +0 hunting sling
 b - a +0 short sword of venom
 d - the +3 giant club "Skullcrusher" {speed, Str+7}
   (You found it on level 6 of the Lair of Beasts)

   Attacks with this weapon are significantly faster.
   It affects your strength (+7).
 u - a +2 vorpal fustibalus
 B - a +1 giant spiked club
 G - a +0 vorpal morningstar (weapon)
Missiles
 e - 503 stones
 k - 64 sling bullets
 o - 28 poisoned darts
 E - 5 silver boomerangs
 N - 3 silver javelins
 R - 5 large rocks (quivered)
 W - 7 javelins
 X - 6 atropa-tipped darts
Armour
 c - a +2 hat of intelligence (worn)
 H - +2 acid dragon scales (worn)
 L - a +0 cloak (worn)
 P - a scarf of cloud immunity
 S - a +0 kite shield (worn)
Jewellery
 w - an uncursed amulet of the acrobat
 y - an uncursed ring of magical power {unknown}
 J - a +4 amulet of reflection (around neck)
 Y - an uncursed ring of positive energy {unknown}
Wands
 l - a wand of paralysis (26)
 A - a wand of acid (3)
 O - a wand of flame (44)
 T - a wand of polymorph (13)
Scrolls
 h - 2 scrolls of teleportation
 i - a scroll of summoning {unknown}
 t - 6 scrolls of enchant weapon
 C - 2 scrolls of magic mapping
 I - a scroll of noise
 K - a scroll of immolation
 V - a scroll of fog
Potions
 g - 2 potions of might
 j - a potion of ambrosia
 m - 2 potions of curing
 n - 4 potions of brilliance
 q - 3 potions of berserk rage
 r - 3 potions of heal wounds
 s - a potion of lignification
 x - 3 potions of haste
 z - a potion of mutation
 F - 2 potions of flight
 Z - a potion of cancellation
Miscellaneous
 p - a lightning rod (4/4)
Comestibles
 f - 25 rations


   Skills:
 - Level 15.0(18.4) Fighting
 * Level 9.5(13.1) Maces & Flails
 + Level 11.2(14.8) Throwing
 - Level 6.0(9.7) Dodging
 - Level 4.8(8.5) Shields
 - Level 7.1(5.9) Spellcasting
 - Level 6.1(5.0) Hexes
 - Level 6.2(5.0) Translocations
 - Level 7.0(5.9) Invocations


You had 23 spell levels left.
You knew the following spells:

 Your Spells              Type           Power        Failure   Level  Hunger
a - Corona                Hex            ####...      1%          1    None
b - Portal Projectile     Hex/Tloc       ####..       6%          3    ##.....

Your spell library contained the following spells:

 Spells                   Type           Power        Failure   Level  Hunger
 Slow                     Hex            ####....     3%          2    None
 Foxfire                  Conj/Fire      #...         16%         1    None
 Sandblast                Erth           #.....       16%         1    None
 Shock                    Conj/Air       #...         16%         1    None
 Sting                    Tmut/Pois      #...         16%         1    None
 Summon Butterflies       Summ           #.......     16%         1    None
 Inner Flame              Hex/Fire       ###.....     17%         3    ##.....
 Cause Fear               Hex            ####......   19%         4    ####...
 Passwall                 Tmut/Erth      #.......     24%         2    None
 Poisonous Vapours        Pois/Air       #.....       24%         2    None
 Swiftness                Chrm/Air       #.......     24%         2    None
 Call Canine Familiar     Summ           #.......     43%         3    ##.....
 Conjure Flame            Conj/Fire      #.......     43%         3    ##.....
 Ignite Poison            Fire/Tmut/Pois #.......     43%         3    ##.....
 Mephitic Cloud           Conj/Pois/Air  #.......     43%         3    ##.....
 Static Discharge         Conj/Air       #.......     43%         3    ##.....
 Stone Arrow              Conj/Erth      #.....       43%         3    ##.....
 Leda's Liquefaction      Hex/Erth       ###.......   50%         4    ####...
 Airstrike                Air            #.........   83%         4    ####...
 Olgreb's Toxic Radiance  Pois           #.......     83%         4    ####...
 Petrify                  Tmut/Erth      #.......     83%         4    ####...
 Sticky Flame             Conj/Fire      #.......     83%         4    ####...
 Summon Ice Beast         Ice/Summ       #.......     83%         4    ####...
 Summon Mana Viper        Hex/Summ       ###.....     83%         5    #####..
 Fireball                 Conj/Fire      #.........   99%         5    #####..
 Lee's Rapid Deconstruct  Erth           #.........   99%         5    #####..
 Lightning Bolt           Conj/Air       #.........   99%         5    #####..
 Summon Hydra             Summ           #.........   100%        7    #######


Dungeon Overview and Level Annotations

Branches:
Dungeon (10/15)            Temple (1/1) D:5            Lair (6/6) D:8
  Swamp (0/4) Lair:3       Spider (0/4) Lair:3        Slime (0/5) Lair:6
    Orc: D:9-12

Altars:
Ashenzari
Cheibriados
Dithmenos
Elyvilon
Fedhas
Gozag
Hepliaklqana
Kikubaaqudgha
Makhleb
Nemelex Xobeh
Okawaru
Qazlal
Ru
Sif Muna
Trog
Uskayaw
Vehumet
Wu Jian
Xom
Yredelemnul
Zin
The Shining One

Shops:
D:8 [

Annotations:
Lair:1 exclusion: 3 oklob plants
Lair:4 2 transporters, Funingics's ghost, journeyman OpWz


Innate Abilities, Weirdness & Mutations

You are too large for most types of armour.
You have tough skin. (AC +1)


Message History

The meliai hits you but does no damage.
You feel drained. The meliai stings you.
* * * LOW HITPOINT WARNING * * *
You feel sick. You block the bullfrog's attack. The tyrant leech bites you!
* * * LOW HITPOINT WARNING * * *
The tyrant leech draws strength from your injuries!
The meliai hits you with a +4 short sword of draining.
* * * LOW HITPOINT WARNING * * *
You feel drained.
* * * LOW HITPOINT WARNING * * *
You block the meliai's attack.
As you read the scroll of teleportation, it crumbles to dust.
You feel strangely unstable.
You feel sick. You block the bullfrog's attack.
You block the meliai's attack. x2; The bullfrog closely misses you.
The tyrant leech bites you!
* * * LOW HITPOINT WARNING * * *
The tyrant leech draws strength from your injuries!
The meliai mumbles some strange prayers to its god against you.
Something smites you!
You die...

.#.....≈.≈≈≈≈###≈≈≈≈≈≈≈≈≈≈≈≈.#...
.##......≈≈≈≈≈#≈≈≈≈≈≈≈≈≈≈≈≈≈ ###.
..#...P.≈P≈≈≈.#≈≈≈≈≈≈≈≈≈≈≈
..P..≈.≈≈≈≈≈≈≈##.≈.≈≈≈≈≈≈
........≈≈≈≈P≈##≈≈≈.≈≈≈#
..#...P≈≈#≈≈≈≈#P≈≈l≈.≈≈#
###...P≈≈##≈≈≈#P..P≈.≈≈# #
##..≈P#####≈≈≈wy.P≈≈###
###..≈≈≈≈≈##≈≈≈P@F[≈≈≈≈≈#
.....≈P≈≈≈≈#≈≈.≈P).P#≈≈≈≈#
......≈≈≈≈≈#≈≈≈.≈≈≈≈# ≈≈≈≈
..#....≈≈≈≈≈≈≈≈≈.P≈## ≈≈≈
###...≈P≈≈≈≈≈≈≈≈≈≈.# ≈≈
#...≈.≈P≈≈≈≈≈≈≈≈≈# ≈ #
##.≈.P≈≈≈P≈.≈≈≈≈≈# #
..#..≈≈≈≈≈≈≈≈≈≈≈≈ # #.#..≈≈≈≈


You could see a tyrant leech, a komodo dragon, a meliai and a bullfrog.

Vanquished Creatures
  Gastronok (D:8)
  Harold (D:7)
  6 hydras
  A catoblepas (Lair:6)
  A two-headed ogre (D:10)
  A death yak (Lair:2)
  An unseen horror (D:10)
  4 black mambas
  3 elephants
  24 spiny frogs
  2 torpor snails
  A rime drake (Lair:6)
  Maggie (D:7)
  4 komodo dragons
  A queen bee (Lair:6)
  4 tyrant leeches
  A polar bear (Lair:1)
  3 slime creatures (Lair:5)
  2 meliai (Lair:6)
  10 hippogriffs
  24 blink frogs
  A dream sheep (Lair:4)
  A bog body (Lair:3)
  A spriggan (D:8)
  2 basilisks (Lair:4)
  24 yaks
  6 vampire mosquitoes
  3 swamp worms (Lair:5)
  15 porcupines
  6 water moccasins
  2 orc warriors (D:8)
  2 ice beasts (D:8)
  2 sky beasts
  A black bear (Lair:3)
  8 wolves
  5 ogres
  3 phantoms
  A centaur (D:7)
  9 crocodiles
  A big kobold (D:8)
  Blork the orc (D:4)
  22 bullfrogs
  A gnoll sergeant (D:6)
  A scorpion (D:4)
  2 wyvern skeletons
  24 killer bees
  3 wights (D:8)
  4 electric eels
  5 howler monkeys
  2 crimson imps
  A bullfrog zombie (D:8)
  4 jellies
  A quasit (D:5)
  3 hounds
  A bullfrog skeleton (D:7)
  8 orc priests
  2 centaur skeletons
  11 orc wizards
  2 iguanas (D:6)
  6 worker ants
  2 killer bee zombies (D:6)
  A hound skeleton (D:7)
  A worker ant zombie (D:5)
  14 gnolls
  A howler monkey skeleton (D:8)
  6 adders
  3 shadow imps
  4 oozes
  3 adder skeletons
  An adder zombie (D:5)
  4 worms
  A dart slug (D:4)
  2 leopard geckos
  33 orcs
  A ball python (D:3)
  6 bats
  3 giant cockroaches
  8 goblins
  5 hobgoblins
  9 jackals
  5 quokkas
  7 frilled lizards
  A jackal skeleton (D:6)
  16 kobolds
  11 rats
  A plant (Lair:6)
442 creatures vanquished.

Vanquished Creatures (others)
  A bush (Lair:6)
  24 fungi
  38 plants
63 creatures vanquished.

Grand Total: 505 creatures vanquished

Notes
Turn   | Place    | Note
-------+----------+-------------------------------------------
     0 | D:1      | Hastur the Ogre Arcane Marksman began the quest for the
                  | Orb.
     0 | D:1      | Reached XP level 1. HP: 19/19 MP: 2/2
   587 | D:1      | Reached XP level 2. HP: 20/28 MP: 0/3
   775 | D:1      | Reached skill level 2 in Fighting
  1064 | D:1      | Reached XP level 3. HP: 15/36 MP: 2/4
  2219 | D:2      | Reached skill level 3 in Fighting
  2219 | D:2      | Reached XP level 4. HP: 19/45 MP: 2/5
  2565 | D:2      | Found a faded altar of an unknown god.
  3121 | D:3      | Reached XP level 5. HP: 30/53 MP: 6/6
  3950 | D:1      | HP: 2/54 [poisoned by an adder]
  4281 | D:3      | Reached skill level 4 in Fighting
  4343 | D:3      | Reached skill level 5 in Throwing
  4479 | D:3      | Reached XP level 6. HP: 63/63 MP: 5/7
  4897 | D:4      | Noticed a phantom
  4913 | D:4      | Killed a phantom
  5123 | D:4      | Reached skill level 5 in Fighting
  5165 | D:4      | Found an iron altar of Okawaru.
  5174 | D:4      | Became a worshipper of Warmaster Okawaru
  5214 | D:4      | Noticed Blork the orc
  5240 | D:4      | Killed Blork the orc
  5240 | D:4      | Reached XP level 7. HP: 53/72 MP: 6/8
  5913 | D:5      | Entered Level 5 of the Dungeon
  6025 | D:4      | Reached * piety under Okawaru
  6025 | D:4      | Reached skill level 6 in Fighting
  6039 | D:4      | Learned a level 3 spell: Portal Projectile
  6658 | D:5      | Reached skill level 1 in Translocations
  6658 | D:5      | Reached XP level 8. HP: 63/83 MP: 9/9
  7234 | D:5      | Found a staircase to the Ecumenical Temple.
  7240 | Temple   | Entered the Ecumenical Temple
  8572 | D:5      | Reached ** piety under Okawaru
  9508 | D:6      | Found an ancient bone altar of Kikubaaqudgha.
  9582 | D:6      | Reached XP level 9. HP: 21/89 MP: 10/10
  9850 | D:6      | HP: 2/89 [killer bee zombie (4)]
 10433 | D:6      | Found a sacrificial altar of Ru.
 11107 | D:7      | Noticed Maggie
 11110 | D:7      | Killed Maggie
 12153 | D:7      | Reached skill level 10 in Throwing
 12392 | D:7      | Noticed Harold
 12410 | D:7      | Killed Harold
 12410 | D:7      | Reached *** piety under Okawaru
 12760 | D:7      | Reached XP level 10. HP: 88/98 MP: 20/20
 12966 | D:8      | Reached skill level 1 in Invocations
 14025 | D:8      | Received a gift from Okawaru
 14025 | D:8      | Reached skill level 7 in Fighting
 14101 | D:8      | Noticed Gastronok
 14310 | D:8      | Killed Gastronok
 14310 | D:8      | Reached **** piety under Okawaru
 14310 | D:8      | Received a gift from Okawaru
 14310 | D:8      | Reached skill level 9 in Fighting
 14310 | D:8      | Reached skill level 5 in Invocations
 14392 | D:8      | Found a shadowy altar of Dithmenos.
 14416 | D:8      | Found Mucoxzao's Armour Shop.
 14739 | D:8      | Found a staircase to the Lair.
 15042 | D:8      | Reached ***** piety under Okawaru
 16128 | D:8      | Reached skill level 10 in Fighting
 16183 | D:8      | Reached skill level 1 in Shields
 16183 | D:8      | Reached XP level 11. HP: 89/117 MP: 21/21
 17226 | D:9      | Found a basalt altar of Yredelemnul.
 17400 | D:10     | Entered Level 10 of the Dungeon
 17649 | D:10     | Noticed an unseen horror
 17656 | D:10     | Killed an unseen horror
 18247 | D:10     | Noticed a two-headed ogre
 18335 | D:10     | Killed a two-headed ogre
 18335 | D:10     | Received a gift from Okawaru
 19174 | Lair:1   | Entered Level 1 of the Lair of Beasts
 19897 | Lair:1   | Noticed an oklob plant
 19898 | Lair:1   | Noticed a seven-headed hydra
 20038 | Lair:1   | Killed a seven-headed hydra
 20075 | Lair:1   | Received a gift from Okawaru
 20078 | Lair:1   | Identified the +0 robe of Okawaru's Benevolence {*Corrode
                  | MR+ SInv} (Okawaru gifted it to you on level 1 of the Lair
                  | of Beasts)
 20432 | Lair:1   | Noticed an oklob plant
 20432 | Lair:1   | Noticed an oklob plant
 20691 | Lair:2   | Reached skill level 5 in Hexes
 20691 | Lair:2   | Reached skill level 5 in Translocations
 21102 | Lair:2   | Reached skill level 11 in Fighting
 21601 | Lair:3   | Noticed an eight-headed hydra
 22030 | Lair:2   | Reached XP level 12. HP: 118/130 MP: 22/22
 22069 | Lair:3   | Found a hole to the Spider Nest.
 22085 | Lair:3   | Found a staircase to the Swamp.
 22194 | Lair:2   | Killed an eight-headed hydra
 22673 | Lair:1   | Reached skill level 12 in Fighting
 23363 | Lair:3   | Reached skill level 13 in Fighting
 23719 | Lair:2   | Reached skill level 1 in Maces & Flails
 24488 | Lair:3   | Received a gift from Okawaru
 24921 | Lair:3   | Noticed a death yak
 24953 | Lair:2   | Killed a death yak
 24960 | Lair:3   | Received a gift from Okawaru
 25677 | Lair:4   | Noticed an eight-headed hydra
 26155 | Lair:4   | Killed an eight-headed hydra
 26326 | Lair:4   | Reached skill level 14 in Fighting
 26593 | Lair:4   | Noticed a five-headed hydra
 26597 | Lair:4   | Killed a five-headed hydra
 26597 | Lair:4   | Reached XP level 13. HP: 146/146 MP: 20/23
 26618 | Lair:4   | Noticed Funingics's ghost (journeyman OpWz)
 26620 | Lair:4   | Found a transporter.
 26708 | Lair:4   | Found a transporter.
 27133 | Lair:4   | Reached skill level 5 in Dodging
 27494 | Lair:4   | Reached skill level 5 in Maces & Flails
 28808 | Lair:4   | Received a gift from Okawaru
 29359 | Lair:5   | Reached skill level 15 in Fighting
 30409 | Lair:6   | Entered Level 6 of the Lair of Beasts
 30874 | Lair:6   | Received a gift from Okawaru
 30877 | Lair:6   | Identified the +2 robe of Babb {Int+3 Dex+2} (Okawaru
                  | gifted it to you on level 6 of the Lair of Beasts)
 33862 | Lair:6   | Reached XP level 14. HP: 142/159 MP: 24/24
 34038 | Lair:6   | Found a staircase to the Slime Pits.
 36955 | Lair:6   | Found the +3 giant club "Skullcrusher" {speed, Str+7}
 36970 | Lair:6   | Identified the +1 leather armour of the Imp {Str+6}
 36980 | Lair:6   | HP: 5/159 [tyrant leech (15)]
 36980 | Lair:6   | Killed from afar by a meliai

Levels and vault maps discovered:
D:1:      elethiomel_arrival_quiet, layout_basic, minmay_misc_feat_cross
D:2:      minmay_recursive_quarters, layout_basic, first_ration,
          chequers_ecumenical_altar_simple
D:3:      layout_basic
D:4:      layout_rooms, okawaru_gym_becter, uniq_blork_the_orc
D:5:      layout_loops_ring, minmay_temple_entry_fiery
D:6:      layout_basic, kennysheep_little_box, basic_altar,
          minmay_a_box_with_orc_wizards_in_it
D:7:      layout_loops_corners, uniq_harold, uniq_maggie
D:8:      layout_basic, lair_entry_dummy, serial_shops, shop, basic_altar,
          the_bakery, uniq_gastronok
D:9:      layout_rooms, basic_altar, amethyst_killhole, hangedman_decor_growths,
          minivault_14
D:10:     layout_roguey, kennysheep_generic_room_3
Temple:   nicolae_temple_the_god_donut
Lair:1:   layout_roguey, minmay_lair_oklob_chamber, infiniplex_staircase_pool_2
Lair:2:   layout_hall_layers
Lair:3:   layout_regular_city, skrybe_swamp_entry_bodies,
          spider_nest_entry_web_field, serial_bayou_ford_a, grunt_megastairs_3
Lair:4:   layout_regular_city, gammafunk_ghost_arena, nzn_random_ring,
          grunt_megastairs_4
Lair:5:   layout_cave_pods, nicolae_volcano_entry_lava_flow, worms_lemuel,
          grunt_megastairs_2
Lair:6:   minmay_lair_end_frog_pond, layout_small_grid,
          minmay_slime_entry_pillars, special_room [special_room_bee]

Skill      XL: |  1  2  3  4  5  6  7  8  9 10 11 12 13 14 |
---------------+-------------------------------------------+-----
Fighting       | 2 3 4 5 6 10 11 14 15 | 15.0
Throwing       | 3 4 5 6 7 8 10 11 | 11.2
Hexes          | 3 4 5 6 |  6.1
Translocations | 1 3 4 5 6 |  6.2
Spellcasting   | 7 |  7.1
Invocations    | 6 7 |  7.0
Shields        | 1 4 |  4.8
Dodging        | 4 6 |  6.0
Maces & Flails | 4 8 9 |  9.5

Action                   |  1- 3 |  4- 6 |  7- 9 | 10-12 | 13-15 || total
-------------------------+-------+-------+-------+-------+-------++-------
Melee: Unarmed           |    22 |       |       |       |       ||    22
       Dagger            |    57 |     2 |     1 |       |       ||    60
       Short sword       |       |       |    33 |   275 |   373 ||   681
       Giant spiked club |       |       |    14 |       |       ||    14
       Morningstar       |       |       |       |       |   175 ||   175
 Fire: Hunting sling     |    67 |   205 |   477 |   251 |     3 ||  1003
Throw: Stone             |    40 |       |       |       |   160 ||   200
       Large rock        |     7 |       |    10 |    42 |    42 ||   101
       Throwing net      |     2 |     1 |       |     2 |     5 ||    10
       Dart              |       |    12 |    46 |    31 |    66 ||   155
       Javelin           |       |       |       |     3 |    24 ||    27
       Boomerang         |       |       |       |   344 |   103 ||   447
 Cast: Corona            |    43 |    51 |    82 |    74 |    39 ||   289
       Portal Projectile |       |       |     7 |    10 |     4 ||    21
Invok: Heroism           |       |       |       |     9 |     5 ||    14
Evoke: Wand              |       |       |    11 |     5 |     1 ||    17
  Use: Scroll            |       |     5 |     3 |    16 |     9 ||    33
       Potion            |       |       |       |     1 |     4 ||     5
 Stab: Held in net/web   |       |       |       |       |     1 ||     1
  Eat: Chunk             |     5 |     7 |    17 |    25 |    23 ||    77
       Ration            |       |     1 |     3 |     5 |     3 ||    12
Armor: Robe              |    63 |    13 |    52 |       |       ||   128
       Acid dragon scale |       |       |    32 |   318 |   250 ||   600
Dodge: Dodged            |    63 |    73 |   191 |   336 |   310 ||   973
Block: Kite shield       |       |       |       |   237 |   646 ||   883
       Reflection        |       |       |       |       |     2 ||     2

Table legend:
 A = Non-vault XP
 B = Vault XP
 C = Vault XP percentage of total XP
 D = Non-vault monster count
 E = Vault monster count
 F = Vault count percentage of total count
                 A         B        C        D         E       F
            +---------+---------+-------+---------+---------+-------
      Total |   33761 |   28309 |  45.6 |     322 |     119 |  27.0
            +---------+---------+-------+---------+---------+-------
        D:1 |      47 |       0 |   0.0 |      20 |       0 |   0.0
        D:2 |     107 |      15 |  12.3 |      16 |       8 |  33.3
        D:3 |     211 |       0 |   0.0 |      32 |       0 |   0.0
        D:4 |     454 |      99 |  17.9 |      15 |       1 |   6.2
        D:5 |     616 |      78 |  11.2 |      21 |       2 |   8.7
        D:6 |     835 |      75 |   8.2 |      32 |       2 |   5.9
        D:7 |     967 |    1389 |  59.0 |      22 |       2 |   8.3
        D:8 |    2178 |    2475 |  53.2 |      48 |       2 |   4.0
        D:9 |     284 |       0 |   0.0 |       6 |       0 |   0.0
       D:10 |    2383 |       0 |   0.0 |      14 |       0 |   0.0
     Lair:1 |    1594 |    2349 |  59.6 |       5 |       7 |  58.3
     Lair:2 |    6313 |      96 |   1.5 |      22 |       1 |   4.3
     Lair:3 |    4865 |    1240 |  20.3 |      20 |       5 |  20.0
     Lair:4 |    4762 |    4819 |  50.3 |      16 |      20 |  55.6
     Lair:5 |    3718 |    6053 |  61.9 |      21 |      25 |  54.3
     Lair:6 |    4427 |    9621 |  68.5 |      12 |      44 |  78.6
            +---------+---------+-------+---------+---------+-------
